 Dungeon Crawl Stone Soup version 0.27.1-34-g3ba077fa99 (webtiles) character file.

Game seed: 12449359163257781133

1530 hawla the Chucker (level 8, 0/68 HPs)
             Began as a Purple Draconian Conjurer on Jan 18, 2022.
             Succumbed to a kobold brigand's poison
             ... on level 7 of the Dungeon.
             The game lasted 00:26:06 (7367 turns).

hawla the Chucker (Purple Draconian Conjurer)       Turns: 7367, Time: 00:26:07

Health: 0/68       AC:  8    Str:  9    XL:     8   Next: 55%
Magic:  6/15       EV: 12    Int: 21    God:
Gold:   239        SH:  0    Dex: 10    Spells: 3/17 levels left

rFire    . . .     SeeInvis +   a - +1 short sword (venom)
rCold    . . .     Faith    .   (no shield)
rNeg     . . .     Spirit   .   (armour unavailable)
rPois    .         Reflect  .   (helmet restricted)
rElec    .         Harm     .   m - +1 cloak
rCorr    .         Rampage  .   (no gloves)
Will     ++...                  (no boots)
Stlth    ++........             (no amulet)
HPRegen  0.21/turn              j - ring of willpower
MPRegen  0.14/turn              o - ring of see invisible

@: mighty, lethally poisoned (0 -> -11), hasted, very quick
A: breathe power, AC +6, unfitting armour, cold-blooded
a: Breathe Dispelling Energy


You were on level 7 of the Dungeon.
You visited 2 branches of the dungeon, and saw 8 of its levels.

You collected 239 gold pieces.

Inventory:

Hand Weapons
 a - a +1 short sword of venom (weapon)
Missiles
 l - 22 poisoned darts (quivered)
 q - 7 javelins
Armour
 m - a +1 cloak (worn)
Jewellery
 j - a ring of willpower (left hand)
 o - a ring of see invisible (right hand)
Wands
 c - a wand of flame (19)
 i - a wand of mindburst (7)
Scrolls
 b - a scroll of magic mapping
 h - a scroll of fog
Potions
 n - 2 potions of invisibility


   Skills:
 - Level 5.0 Fighting
 + Level 5.9 Throwing
 - Level 2.0 Dodging
 - Level 2.0 Stealth
 + Level 5.2 Spellcasting
 - Level 4.0 Conjurations
 - Level 5.0 Translocations
 - Level 1.0 Evocations


You had 3 spell levels left.
You knew the following spells:

 Your Spells              Type           Power      Damage    Failure   Level
a - Magic Dart            Conj           88%        1d7       1%          1
b - Searing Ray           Conj           44%        3d4       3%          2
c - Iskenderun's Mystic   Conj/Tloc      24%        2d7       17%         4
d - Blink                 Tloc           N/A        N/A       1%          2
e - Manifold Assault      Tloc           26%        N/A       36%         5

Your spell library contained the following spells:

 Spells                   Type           Power      Damage    Failure   Level
 Shock                    Conj/Air       52%        1d6       4%          1
 Lesser Beckoning         Tloc           13%        N/A       4%          3
 Dazzling Flash           Conj/Hex       26%        N/A       14%         3
 Slow                     Hex            5%         N/A       16%         2
 Confusing Touch          Hex            5%         N/A       32%         3
 Swiftness                Air            5%         N/A       32%         3
 Fulminant Prism          Conj/Hex       6%         3d7       43%         4
 Airstrike                Air            2%         N/A       71%         4
 Yara's Violent Unravell  Hex/Tmut       2%         3d3       96%         5


Dungeon Overview and Level Annotations

Branches:
Dungeon (7/15)             Temple (1/1) D:5

Altars:
Ashenzari
Cheibriados
Dithmenos
Elyvilon
Fedhas
Hepliaklqana
Makhleb
Nemelex Xobeh
Okawaru
Qazlal
Ru
Sif Muna
Uskayaw
Wu Jian
Xom
Yredelemnul
Zin
The Shining One


Innate Abilities, Weirdness & Mutations

You can breathe bolts of dispelling energy.
Your rich purple scales are hard. (AC +6)
You cannot fit into any form of body armour.
You are cold-blooded and may be slowed by cold attacks.


Message History

The killer bee closely misses you.
You hear a shout! x3
You feel very sick.
The killer bee stings you but does no damage.
The howler monkey hoots and howls with incredible vigour!
The killer bee barely misses you.
You see here 18 stones.
You feel very sick. The killer bee stings you.
You are more poisoned.
The killer bee poisons you! The killer bee barely misses you.
A centaur zombie comes into view.
You feel very sick.
The killer bee stings you but does no damage.
The killer bee stings you.
* * * LOW HITPOINT WARNING * * *
The howler monkey closely misses you. The killer bee closely misses you.
You feel yourself speed up.
* * * LOW HITPOINT WARNING * * *
You feel very sick.
The killer bee stings you but does no damage. x3
The centaur zombie misses you. The centaur zombie barely misses you.
The killer bee stings you but does no damage.
You feel sick.
You feel sick. The killer bee closely misses you.
You feel sick.
You feel sick.
The kobold brigand throws a poisoned dart.
The poisoned dart hits you!
You are lethally poisoned!
It was a potion of might.
You feel very mighty all of a sudden.
* * * LOW HITPOINT WARNING * * *
You feel very sick. The killer bee stings you.
* * * LOW HITPOINT WARNING * * *
The killer bee misses you.
* * * LOW HITPOINT WARNING * * *
You feel sick.
You die...

. # #)...#.##
....#.#.......##
........(..#...##
.<...###.hh##...###
......###Z##...##.##
...#......K...##...#
.$ ##...##...##....#
. #<... #..yy.....#
#.....#...##@..##
.............>.<#
....#..........##
.#..##.#####...# ..#
#.### ... ### ..


You could see a kobold brigand, 2 killer bees and a centaur zombie.

Vanquished Creatures
  Sigmund (D:5)
  2 black bears (D:5)
  3 ogres
  A bullfrog (D:4)
  A scorpion (D:3)
  A gnoll sergeant (D:6)
  A water moccasin skeleton (D:2)
  2 killer bees (D:7)
  A centaur zombie (D:6)
  A hound (D:5)
  2 jellies (D:5)
  A centaur skeleton (D:6)
  3 bullfrog skeletons
  2 gnoll shamans
  Ijyb (D:3)
  An iguana (D:6)
  A killer bee zombie (D:6)
  8 adders
  11 gnolls
  6 worms
  2 dart slugs
  3 orcs
  4 bats
  8 endoplasms
  3 giant cockroaches
  7 goblins
  8 hobgoblins
  2 jackals (D:2)
  6 kobolds
  3 quokkas
  5 ball pythons
  2 frilled lizards
  3 rats
106 creatures vanquished.

Notes
Turn   | Place    | Note
-------+----------+-------------------------------------------
     0 | D:1      | hawla the Draconian Conjurer began the quest for the Orb.
     0 | D:1      | Reached XP level 1. HP: 14/14 MP: 3/3
   262 | D:1      | Reached XP level 2. HP: 22/22 MP: 1/5
   311 | D:1      | Found a faded altar of an unknown god.
   564 | D:1      | Reached skill level 1 in Fighting
   916 | D:2      | Reached skill level 1 in Translocations
  1135 | D:2      | Learned a level 2 spell: Searing Ray
  1139 | D:2      | Reached XP level 3. HP: 28/28 MP: 0/6
  1366 | D:2      | Reached XP level 4. HP: 22/36 MP: 0/8
  2731 | D:3      | Noticed a scorpion
  2738 | D:3      | Killed a scorpion
  2739 | D:3      | Reached XP level 5. HP: 45/45 MP: 0/9
  2744 | D:3      | Learned a level 4 spell: Iskenderun's Mystic Blast
  3016 | D:3      | Noticed Ijyb
  3043 | D:3      | Killed Ijyb
  3195 | D:3      | You fall into a shaft and drop 3 floors!
  3195 | D:6      | Found a glowing golden altar of the Shining One.
  3214 | D:5      | Entered Level 5 of the Dungeon
  3214 | D:5      | Noticed an ogre
  3220 | D:5      | Killed an ogre
  3221 | D:5      | Reached XP level 6. HP: 51/51 MP: 5/11
  3407 | D:5      | Found a staircase to the Ecumenical Temple.
  3413 | Temple   | Entered the Ecumenical Temple
  3613 | D:3      | Found a burning altar of Makhleb.
  4043 | D:4      | Reached skill level 1 in Throwing
  4043 | D:4      | Reached skill level 1 in Evocations
  4328 | D:4      | Your scales start taking on a rich purple colour.
  4328 | D:4      | Reached XP level 7. HP: 47/58 MP: 9/14
  4331 | D:4      | Learned a level 2 spell: Blink
  4807 | D:4      | Learned a level 5 spell: Manifold Assault
  5021 | D:5      | Reached skill level 5 in Spellcasting
  5170 | D:5      | Noticed Sigmund
  5293 | D:5      | Killed Sigmund
  5294 | D:5      | Reached skill level 5 in Fighting
  5418 | D:5      | Reached skill level 5 in Translocations
  5418 | D:5      | Reached XP level 8. HP: 65/68 MP: 10/15
  6090 | D:5      | Found an ornate altar of the Wu Jian Council.
  6452 | D:6      | Found a glowing silver altar of Zin.
  6744 | D:6      | Reached skill level 5 in Throwing
  7366 | D:7      | HP: 2/68 [poisoned by a kobold brigand]
  7367 | D:7      | Succumbed to a kobold brigand's poison

Illustrated notes

Levels and vault maps discovered:
D:1:      lightli_arrival_chessboard, layout_rooms,
          ebering_ecumenical_altar_box, fountainhead
D:2:      layout_basic, serial_rivers, chequers_serial_rivers_large_a,
          chequers_serial_rivers_small_b, chequers_serial_rivers_small_b,
          chequers_serial_rivers_micro_c, chequers_serial_rivers_micro_d,
          chequers_serial_rivers_micro_d
D:3:      layout_rooms, mainiacjoe_overflow_boulevard, nrook_uturn, uniq_ijyb
D:4:      layout_loops_ring, dk_vineyard_3
D:5:      layout_basic, mainiacjoe_overflow_alcove_4,
          minmay_temple_entry_overgrown, cheibrodos_sewer_entry_bend,
          uniq_sigmund
D:6:      layout_basic, zin_statuary, tso_metal_star, mrwooster_statue_mirror
D:7:      layout_cave_pools, gammafunk_ghost_icy
Temple:   eino_narrow_crystal_temple

Skill      XL: |  1  2  3  4  5  6  7  8 |
---------------+-------------------------+-----
Stealth        | 2 |  2.0
Dodging        | 2 |  2.0
Fighting       | 1 2 3 5 |  5.0
Translocations | 1 2 3 4 5 |  5.0
Spellcasting   | 3 4 5 |  5.2
Throwing       | 1 3 5 |  5.9
Evocations     | 1 |  1.0
Conjurations   | |  4.0

Action                   |  1- 3 |  4- 6 |  7- 9 || total
-------------------------+-------+-------+-------++-------
Melee: Unarmed           |     3 |       |       ||     3
       Dagger            |     5 |       |       ||     5
       Short sword       |     1 |    43 |    78 ||   122
       Tailslap          |       |     4 |     5 ||     9
Throw: Dart              |       |       |    22 ||    22
 Cast: Magic Dart        |    39 |     9 |     8 ||    56
       Searing Ray       |     6 |    35 |    18 ||    59
       Iskenderun's Myst |       |       |     9 ||     9
       Blink             |       |       |     2 ||     2
       Manifold Assault  |       |       |     1 ||     1
Evoke: Wand              |       |     2 |     3 ||     5
  Use: Scroll            |     3 |     3 |     3 ||     9
       Potion            |     1 |       |     9 ||    10
 Stab: Invisible         |       |       |     2 ||     2
Armor: Skin              |     8 |    30 |   102 ||   140
Dodge: Dodged            |    24 |    40 |    75 ||   139
